 Dungeon Crawl Stone Soup version 0.28.0-45-g0d030f2227 (webtiles) character file.

Game seed: 1551092864102499063

49 Descartes the Sneak (level 3, -1/21 HPs)
             Began as an Octopode Fire Elementalist on Apr 12, 2022.
             Was a Follower of Dithmenos.
             Slain by Natasha (4 damage)
             ... on level 2 of the Dungeon.
             The game lasted 00:03:25 (1877 turns).

Descartes the Sneak (Octopode Fire Elementalist)    Turns: 1877, Time: 00:03:26

Health: -1/21      AC:  1    Str:  7    XL:     3   Next: 75%
Magic:  2/6        EV: 13    Int: 19    God:    Dithmenos [*.....]
Gold:   69         SH:  0    Dex: 12    Spells: 5/6 levels left

rFire   . . .      SeeInvis .   g - +0 dagger (drain)
rCold   . . .      Faith    .   (no shield)
rNeg    . . .      Spirit   .   (helmet restricted)
rPois   .          Reflect  .   (no amulet)
rElec   .          Harm     .   (no ring)
rCorr   .          Rampage  .   (no ring)
Will    .....                   (no ring)
Stlth   ++++......              (no ring)
HPRegen 0.07/turn               (no ring)
MPRegen 0.10/turn               (no ring)
                                (no ring)
                                (no ring)

@: wreathed by umbra
A: almost no armour, amphibious, 8 rings, camouflage 1, gelatinous body 1,
(nimble swimmer 1), tentacles
a: Renounce Religion


You were on level 2 of the Dungeon.
You worshipped Dithmenos.
Dithmenos was aware of your devotion.
You visited 1 branch of the dungeon, and saw 2 of its levels.

You collected 69 gold pieces.

Inventory:

Hand Weapons
 g - a +0 dagger of draining (weapon)
Missiles
 d - 23 stones
 h - 3 atropa-tipped darts
Scrolls
 c - a scroll of fog {unknown}
 f - a scroll of amnesia {unknown}
 i - a scroll of teleportation {unknown}
Potions
 a - a potion of berserk rage {unknown}
 b - a potion of resistance {unknown}
 e - 2 potions of curing {unknown}
 j - a potion of might {unknown}


   Skills:
 + Level 2.3 Dodging
 + Level 3.3 Stealth
 + Level 2.3 Spellcasting
 + Level 1.6 Conjurations
 + Level 3.3 Fire Magic
 + Level 1.2 Poison Magic


You had 5 spell levels left.
You knew the following spells:

 Your Spells              Type           Power      Damage    Failure   Level
a - Foxfire               Conj/Fire      44%        2x1d6     6%          1

Your spell library contained the following spells:

 Spells                   Type           Power      Damage    Failure   Level
 Scorch                   Fire           28%        2d6       6%          2
 Conjure Flame            Conj/Fire      11%        6-21      19%         3
 Inner Flame              Hex/Fire       8%         N/A       26%         3
 Flame Wave               Conj/Fire      11%        2d5       52%         4


Dungeon Overview and Level Annotations

Branches:
Dungeon (2/15)

Altars:
Dithmenos

Annotations:
D:2 Natasha


Innate Abilities, Weirdness & Mutations

You cannot wear most types of armour.
You are amphibious.
You can wear up to eight rings at the same time.
Your skin changes colour to match your surroundings (Stealth+).
Your rubbery body absorbs attacks. (AC +1, EV +1)
((You are camouflaged when in or above water. (Stealth+)))
You have tentacles for arms and can constrict up to eight enemies at once.


Message History

Natasha misses you.
Casting: Foxfire (safe; 6% risk of failure)
Confirm with . or Enter, or press ? or * to list all spells.
You conjure some foxfire!
Natasha misses you.
You hit Natasha but do no damage. Your grab misses Natasha.
Natasha is lightly wounded.
The foxfire hits Natasha but does no damage.
Natasha is lightly wounded.
Natasha claws you.
Casting: Foxfire (safe; 6% risk of failure)
Confirm with . or Enter, or press ? or * to list all spells.
You conjure some foxfire!
Natasha casts a spell.
You closely miss Natasha. Your grab misses Natasha.
Natasha is lightly wounded.
The foxfire hits Natasha.
Natasha is moderately wounded.
Natasha claws you.
Casting: Foxfire (safe; 6% risk of failure)
Confirm with . or Enter, or press ? or * to list all spells.
You conjure some foxfire!
Natasha casts a spell.
The crimson imp blinks!
You closely miss Natasha. You grab Natasha.
Natasha is moderately wounded.
You constrict Natasha.
The foxfire hits Natasha.
Natasha is heavily wounded.
Natasha claws you!
* * * LOW HITPOINT WARNING * * *
Unknown command.
Casting: Foxfire (safe; 6% risk of failure)
Confirm with . or Enter, or press ? or * to list all spells.
You conjure some foxfire!
You constrict Natasha. Natasha closely misses you.
You constrict Natasha, but do no damage.
The foxfire hits Natasha.
Natasha is almost dead.
Natasha mumbles some strange words.
Natasha's front paws start to glow.
Natasha claws you.
You die...

#.# #.# ##.#.#.####.. #.#
#.# #...###.....# #.# #.#
#..#.#.####.#
#.####.######..##..# #.#
#..............##..####.#
########.#####.##........
#.# #. #########
#.#####.# #@h55...#
#########


You could see an iron imp (summoned), Natasha and a crimson imp (summoned).

Vanquished Creatures
  An adder (D:2)
  A dart slug (D:1)
  4 endoplasms
  2 giant cockroaches (D:1)
  4 goblins (D:1)
  6 hobgoblins (D:1)
  A quokka (D:1)
  3 ball pythons
  4 bats
  5 frilled lizards (D:1)
  A kobold (D:1)
  4 rats (D:1)
36 creatures vanquished.

Vanquished Creatures (others)
  105 foxfires
105 creatures vanquished.

Grand Total: 141 creatures vanquished

Notes
Turn   | Place    | Note
-------+----------+-------------------------------------------
     0 | D:1      | Descartes the Octopode Fire Elementalist began the quest
                  | for the Orb.
     0 | D:1      | Reached XP level 1. HP: 11/11 MP: 3/3
   259 | D:1      | Reached XP level 2. HP: 17/17 MP: 5/5
   771 | D:1      | Reached XP level 3. HP: 21/21 MP: 0/6
  1111 | D:1      | Reached skill level 1 in Poison Magic
  1674 | D:2      | Found a faded altar of an unknown god.
  1817 | D:2      | Prayed at the altar of an unknown god.
  1817 | D:2      | Became a worshipper of Dithmenos the Shadowed
  1817 | D:2      | Reached * piety under Dithmenos
  1865 | D:2      | Noticed Natasha
  1877 | D:2      | Slain by Natasha

Illustrated notes

Levels and vault maps discovered:
D:1:      dpeg_arrival_renting, layout_loops_ring
D:2:      minmay_spotlight, layout_loops_ring, ebering_ecumenical_altar_hall,
          basic_altar, serial_shops, nicolae_shop_stone, minmay_puff,
          uniq_natasha, uniq_jessica

Skill      XL: |  1  2  3 |
---------------+----------+-----
Stealth        | 3 |  3.3
Poison Magic   | 1 |  1.2
Dodging        | |  2.3
Spellcasting   | |  2.3
Conjurations   | |  1.6
Fire Magic     | |  3.3

Action                   || total
-------------------------++-------
Melee: Unarmed           ||    21
       Constrict         ||     7
       Tentacles         ||     5
       Punch             ||     1
       Dagger            ||     4
 Cast: Foxfire           ||    67
 Stab: Sleeping          ||     3
Armor: Skin              ||     2
Dodge: Dodged            ||    32
